 Dungeon Crawl Stone Soup version 0.31-a0-256-g80acddb972 (webtiles) character file.

Game seed: 18342181686589300970

61 qw the Shooter (level 4, -5/26 HPs)
             Began as a Gargoyle Hexslinger on July 12, 2023.
             Slain by a goblin
             ... wielding a +0 club
             ... led by Robin
              (6 damage)
             ... on level 3 of the Dungeon.
             The game lasted 00:00:37 (1653 turns).

qw the Shooter (Gargoyle Hexslinger)                Turns: 1653, Time: 00:00:38

Health: -5/26      AC:  5    Str: 11    XL:     4   Next: 7%
Magic:  5/5        EV: 12    Int: 14    God:
Gold:   79         SH:  0    Dex: 14    Spells: 4/5 levels left

rFire   . . .        Y - +1 sling (elec)
rCold   . . .        (no shield)
rNeg    + . .        c - +0 robe
rPois   inf          (no helmet)
rElec   +            (no cloak)
rCorr   .            (no gloves)
SInv    .            (no boots)
Will    .....        (no amulet)
Stlth   +            (no ring)
HPRegen 0.24/turn    (no ring)
MPRegen 0.09/turn

%: no passive effects
@: no status effects
A: sickness immunity, AC +3, negative energy resistance 1, electricity
resistance, torment resistance 1, petrification resistance
a: no special abilities


You were on level 3 of the Dungeon.
You visited 1 branch of the dungeon, and saw 3 of its levels.

You collected 79 gold pieces.


Innate Abilities, Weirdness & Mutations

You are immune to sickness and miasma.
Your stone body is resilient. (AC +3)
You are immune to poison.
You resist negative energy. (rN+)
You are resistant to electric shocks. (rElec)
You are resistant to unholy torment.
You are immune to petrification.


   Skills:
 - Level 2.0 Fighting
 + Level 3.9 Ranged Weapons
 - Level 1.5 Dodging
 - Level 1.0 Spellcasting
 - Level 2.6 Hexes


You had 4 spell levels left.
You knew the following spells:

 Your Spells              Type           Power      Damage    Failure   Level
a - Slow                  Hex            32%        N/A       9%          1

Your spell library contained the following spells:

 Spells                   Type           Power      Damage    Failure   Level
 Inner Flame              Hex/Fire       4%         N/A       41%         3
 Portal Projectile        Hex/Tloc       8%         N/A       41%         3
 Cause Fear               Hex            4%         N/A       65%         4

Inventory:

Hand Weapons
 Y - a +1 sling of electrocution (weapon)
Armour
 b - a +0 ring mail
 c - a +0 robe (worn)
Scrolls
 a - a scroll of identify
Potions
 g - a potion of mutation

Dungeon Overview and Level Annotations

Branches:
Dungeon (3/15)

Altars:

Annotations:
D:3 Robin


Message History

You kill the goblin!
Robin throws the goblin at you! The goblin barely misses you.
The goblin hits you with a +0 dagger.
You shoot a sling bullet.
The sling bullet barely misses the goblin.
The sling bullet hits the goblin.
The goblin is severely wounded.
The goblin hits you with a +0 club. The goblin hits you but does no damage.
You shoot a sling bullet. The sling bullet hits the goblin.
You kill the goblin!
The goblin unwields a +0 club.
The goblin wields a +0 sling.
The goblin shoots a sling bullet.
The sling bullet barely misses you. The goblin hits you with a +0 club.
The goblin hits you but does no damage. The goblin hits you with a +0 dagger.
You shoot a sling bullet.
The sling bullet barely misses the goblin.
The sling bullet closely misses the goblin.
The sling bullet closely misses Robin.
The goblin misses you. The goblin barely misses you.
You shoot a sling bullet.
The sling bullet barely misses the goblin.
The sling bullet hits the goblin.
The goblin is heavily wounded.
The goblin hits you but does no damage. Robin throws the goblin at you!
The goblin barely misses you.
You shoot a sling bullet.
The sling bullet barely misses the goblin.
The sling bullet closely misses the goblin.
The sling bullet barely misses Robin.
The goblin no longer looks unusually strong. x2
The goblin hits you with a +0 club. The goblin hits you but does no damage.
Robin roars a battlecry!
The goblins go into a battle-frenzy!
The goblin hits you with a +0 dagger.
You shoot a sling bullet.
The sling bullet barely misses the goblin.
The sling bullet hits the goblin.
Lightning courses through the goblin!!
You kill the goblin!
The goblin hits you with a +0 dagger. The goblin hits you with a +0 club.
You die...

#.......).....#
##########....##
##.....# #......#
#### #####.##.[.#
...# ######.....#
...#
##.####....#../..#
...#
##.#....##.#...gg#
...#
##.#.#####.#####@#
..# ##.#<......#
#g# .#
##.#.#.#.######ggg
##.#...#......#.g.#
#..#####..#.###...#
#.#.......# # #...#
.......#....# .....
.......###### ...<.
.......#


You could see Robin, a hobgoblin (strong) and 5 goblins.

Vanquished Creatures
  2 adders
  6 ball pythons
  3 endoplasms
  10 goblins
  A hobgoblin (D:2)
  2 quokkas (D:1)
  6 bats
  A frilled lizard (D:1)
  8 kobolds
  3 rats
42 creatures vanquished.

Notes
Turn   | Place    | Note
-------+----------+-------------------------------------------
     0 | D:1      | qw the Gargoyle Hexslinger began the quest for the Orb.
     0 | D:1      | Reached XP level 1. HP: 12/12 MP: 2/2
     0 | D:1      | 0 ||| qw: Version: 0.3-a-52-g30416fa
     0 | D:1      | 0 ||| qw: Game counter: 6740
     0 | D:1      | 0 ||| qw: Melee chars always use a shield: true
     0 | D:1      | 0 ||| qw: God list: Okawaru
     0 | D:1      | 0 ||| qw: Allow faded altars: false
     0 | D:1      | 0 ||| qw: Do Orc after clearing Dungeon:15 true
     0 | D:1      | 0 ||| qw: Do second Lair branch before Depths: true
     0 | D:1      | 0 ||| qw: Lair rune preference: random
     0 | D:1      | 0 ||| qw: Goals: Normal
     0 | D:1      | 0 ||| PLANNING D:1-11
   281 | D:1      | Reached XP level 2. HP: 16/16 MP: 3/3
   371 | D:1      | Reached skill level 3 in Ranged Weapons
   715 | D:1      | 715 ||| READING 2 scrolls labelled MEUQAB YHEETU.
   716 | D:1      | 716 ||| READING scroll labelled WES CANUZETIA.
   717 | D:1      | 717 ||| READING scroll labelled DOVVUSCH TAAMYDGH.
   718 | D:1      | 718 ||| DROPPING scroll of poison.
   860 | D:2      | Found a faded altar of an unknown god.
   866 | D:2      | Reached XP level 3. HP: 21/21 MP: 4/4
  1492 | D:2      | 1492 ||| READING scroll labelled HAUDGH HUGOE.
  1493 | D:2      | 1493 ||| READING scroll labelled ARPHEUR NAIFE.
  1498 | D:2      | 1498 ||| READING scroll labelled SEOFEURPHYACY.
  1499 | D:2      | 1499 ||| READING scroll labelled TEANAINOEM.
  1500 | D:2      | 1500 ||| READING scroll labelled UWEDEA AGUEM.
  1501 | D:2      | 1501 ||| READING 2 scrolls of identify.
  1501 | D:2      | 1501 ||| IDENTIFYING golden potion
  1636 | D:3      | Noticed Robin
  1646 | D:3      | Reached XP level 4. HP: 11/26 MP: 5/5
  1652 | D:3      | HP: 6/26 [goblin/+0 club[Robin] (3)]
  1653 | D:3      | HP: 1/26 [goblin/+0 dagger[Robin] (3)]
  1653 | D:3      | Slain by a goblin

Levels and vault maps discovered:
D:1:      elethiomel_arrival_infinity_welcomes_careful_drivers, layout_rooms,
          minmay_misc_feat_rugged, grunt_decor_junction
D:2:      layout_loops_ring, basic_ecumenical_altar, minmay_misc_feat_enclosed,
          minivault_23, grunt_decor_cap
D:3:      layout_basic, zin_purify, nrook_campfire, uniq_robin

Skill      XL: |  1  2  3 |
---------------+----------+-----
Ranged Weapons | 3 |  3.9
Fighting       | 2 |  2.0
Dodging        | |  1.5
Spellcasting   | |  1.0
Hexes          | |  2.6

Action                     |  1- 3 |  4- 6 || total
---------------------------+-------+-------++-------
   Fire: Sling             |   157 |     8 ||   165
    Use: Scroll            |     9 |       ||     9
 Armour: Robe              |    36 |     5 ||    41
  Dodge: Dodged            |    67 |     6 ||    73

Table legend:
 A = Non-vault XP
 B = Vault XP
 C = Vault XP percentage of total XP
 D = Non-vault monster count
 E = Vault monster count
 F = Vault count percentage of total count
                 A         B        C        D         E       F
            +---------+---------+-------+---------+---------+-------
      Total |      79 |      11 |  12.2 |      36 |       6 |  14.3
            +---------+---------+-------+---------+---------+-------
        D:1 |      30 |       0 |   0.0 |      21 |       0 |   0.0
        D:2 |      33 |       0 |   0.0 |      13 |       0 |   0.0
        D:3 |      16 |      11 |  40.7 |       2 |       6 |  75.0
            +---------+---------+-------+---------+---------+-------
